 Dungeon Crawl Stone Soup version 0.29.0-4-gdea44cf6ec (webtiles) character file.

Game seed: 7812560652150243839

4573 qw the Cleaver (level 10, -3/64 HPs)
             Began as a Gargoyle Berserker on Sept 5, 2022.
             Was an Elder of Trog.
             Slain by an ogre
             ... wielding a +0 giant club
              (13 damage)
             ... on level 9 of the Dungeon.
             The game lasted 00:03:22 (9915 turns).

qw the Cleaver (Gargoyle Berserker)                 Turns: 9915, Time: 00:03:23

Health: -3/64      AC: 24    Str: 25    XL:     10   Next: 41%
Magic:  10/10      EV:  7    Int:  8    God:    Trog [****..]
Gold:   423        SH:  4    Dex:  9    Spells: 9/9 levels left

rFire   . . .      SeeInvis +   s - +1 war axe (flame)
rCold   . . .      Faith    .   b - +0 buckler
rNeg    + . .      Spirit   .   d - +0 plate armour
rPois   inf        Reflect  .   o - +2 hat
rElec   +          Harm     .   (no cloak)
rCorr   .          Rampage  .   f - +1 pair of gloves
Will    .....                   (no boots)
Stlth   ..........              (no amulet)
HPRegen 0.20/turn               l - ring of see invisible
MPRegen 0.12/turn               (no ring)

@: on berserk cooldown, slowed, very slow
A: sickness immunity, AC +7, negative energy resistance 1, electricity
resistance, torment resistance 1, petrification resistance
a: Renounce Religion, Berserk, Trog's Hand, Brothers in Arms


You were on level 9 of the Dungeon.
You worshipped Trog.
Trog was greatly pleased with you.
You visited 1 branch of the dungeon, and saw 9 of its levels.
You also visited: Sewer.

You collected 423 gold pieces.


Innate Abilities, Weirdness & Mutations

You are immune to sickness and miasma.
Your stone body is resilient. (AC +7)
You are immune to poison.
You resist negative energy. (rN+)
You are resistant to electric shocks. (rElec)
You are resistant to unholy torment.
You are immune to petrification.


   Skills:
 - Level 8.0 Fighting
 + Level 10.5 Axes
 - Level 2.2 Throwing
 - Level 6.1 Armour
 - Level 1.5 Dodging
 - Level 5.1 Shields


You had 9 spell levels left.
You didn't know any spells.
Your spell library was empty.

Inventory:

Hand Weapons
 s - a +1 war axe of flaming (weapon)
Missiles
 h - 2 boomerangs (quivered)
Armour
 b - a +0 buckler (worn)
 d - a +0 plate armour (worn)
 f - a +1 pair of gloves (worn)
 o - a +2 hat (worn)
Jewellery
 l - a ring of see invisible (left hand)
 q - a ring of fire
Scrolls
 a - a scroll of identify
 m - a scroll of teleportation
 n - 2 scrolls of poison {unknown}
Potions
 c - 6 potions of mutation
 e - a potion of cancellation
 g - 3 potions of might
 i - 2 potions of heal wounds
 j - 5 potions of haste
 k - a potion of resistance
 p - 5 potions of curing

Dungeon Overview and Level Annotations

Branches:
Dungeon (9/15)             Temple (0/1) D:5             Orc (0/2) D:9
  Sewer (visited)
   Lair: D:8-11

Altars:
Ashenzari
Cheibriados
Fedhas
Okawaru
Qazlal
Sif Muna
Trog
Uskayaw
Vehumet


Message History

Trog accepts your kill.
You slice the orc!! You burn the orc.
You kill the orc!
Trog accepts your kill.
The gnoll sergeant hits you but does no damage.
The gnoll sergeant barely misses you. You block the gnoll's attack.
You slice the ogre!! You burn the ogre!
The ogre is almost dead.
You slash the gnoll! You burn the gnoll. You closely miss the gnoll.
The gnoll sergeant hits you but does no damage.
The gnoll hits you but does no damage.
The gnoll hits you with a +1 whip of venom.
The gnoll sergeant hits you but does no damage.
The ogre hits you but does no damage.
You slash the ogre! You burn the ogre.
You kill the ogre!
Trog accepts your kill.
You closely miss the gnoll. You slash the gnoll! You burn the gnoll.
You kill the gnoll!
Trog accepts your kill.
You are no longer berserk.
You are exhausted.
You feel yourself slow down.
You slash the gnoll! You burn the gnoll.
You kill the gnoll!
Trog accepts your kill. You block the gnoll sergeant's attack.
The gnoll sergeant hits you but does no damage.
You block the gnoll sergeant's attack. The ogre barely misses you.
The troll bites you but does no damage. The troll claws you but does no damage.
The troll closely misses you. The orc hits you but does no damage.
The gnoll sergeant hits you but does no damage.
You hit the troll but do no damage. You barely miss the ogre.
You hit the orc but do no damage.
The gnoll sergeant hits you from afar with a +0 trident.
You block the gnoll sergeant's attack. The troll bites you but does no damage.
The troll barely misses you. The troll claws you. The orc closely misses you.
The gnoll sergeant hits you from afar with a +2 spear of freezing!
The gnoll sergeant freezes you. The ogre hits you with a +0 giant club!
You die...

### ###.# # ##...##
#####.....##########
##.###....#.........
....###...#.#########..#
.....#...............#
##...#......####@###..#
##.#.#.#.....#8TOo8#
...#.#.#..#..#ggggO#
##.#.#.#.#####..o..#
#..#.#.#..# #.....#
##.#.#.#.## #8...8#
...#.#...# #######
...###...###
(..##......#


You could see a troll, 2 ogres, 3 gnoll sergeants, a gnoll and 2 orcs.

Vanquished Creatures
  A hornet (D:8)
  A wraith (D:8)
  2 wyverns (D:8)
  3 steam dragons
  5 orc warriors
  A black bear (D:7)
  Pargi (Sewer)
  An ogre (D:9)
  2 centaurs
  A phantom (D:7)
  3 kobold brigands
  5 bullfrogs
  2 gnoll sergeants
  3 necrophages (D:6)
  4 scorpions
  4 wights (D:7)
  3 killer bees (D:9)
  2 howler monkeys
  5 hounds
  A jelly (D:6)
  4 orc priests
  6 iguanas
  12 orc wizards
  10 gnolls
  8 adders
  3 white imps
  2 worms (D:5)
  5 dart slugs
  29 orcs
  9 bats
  9 endoplasms
  3 giant cockroaches
  10 goblins
  7 hobgoblins
  6 jackals
  20 kobolds
  2 quokkas
  5 ball pythons
  2 frilled lizards (D:1)
  2 rats (D:3)
204 creatures vanquished.

Vanquished Creatures (others)
  2 orcs (D:9)
2 creatures vanquished.

Grand Total: 206 creatures vanquished

Notes
Turn   | Place    | Note
-------+----------+-------------------------------------------
     0 | D:1      | qw the Gargoyle Berserker began the quest for the Orb.
     0 | D:1      | Reached XP level 1. HP: 14/14 MP: 1/1
     0 | D:1      | 0 ||| qw: Version: 0.1-a-104-g96f76f8
     0 | D:1      | 0 ||| qw: Game counter: 5916
     0 | D:1      | 0 ||| qw: Always use a shield: true
     0 | D:1      | 0 ||| qw: Do Orc after D:15 true
     0 | D:1      | 0 ||| qw: Do second Lair branch before Depths: true
     0 | D:1      | 0 ||| qw: Lair rune preference: random
     0 | D:1      | 0 ||| qw: Plans: Normal
     0 | D:1      | 0 ||| PLANNING D:1-11
   184 | D:1      | Found a faded altar of an unknown god.
   330 | D:1      | Reached skill level 3 in Axes
   385 | D:1      | Reached XP level 2. HP: 19/19 MP: 2/2
   727 | D:1      | HP: 4/19 [frozen (5)]
   728 | D:1      | 728 ||| INVOKING Berserk.
  1269 | D:1      | Reached XP level 3. HP: 19/23 MP: 3/3
  1479 | D:1      | 1479 ||| UPGRADING to +0 ring mail.
  1489 | D:1      | 1489 ||| DROPPING +0 animal skin.
  1490 | D:1      | 1490 ||| DROPPING +0 leather armour.
  1491 | D:1      | 1491 ||| UPGRADING to +0 chain mail.
  1501 | D:1      | 1501 ||| DROPPING +0 ring mail.
  1502 | D:1      | 1502 ||| READING 2 scrolls labelled DETIAS ALUFAE.
  1503 | D:1      | 1503 ||| READING scroll labelled KAANKIGOCE.
  1504 | D:1      | 1504 ||| DRINKING 2 bubbling red potions.
  1550 | D:2      | 1550 ||| Stepping ~*~*~tactically~*~*~ (stealth).
  1695 | D:2      | Reached skill level 4 in Axes
  1699 | D:2      | Reached ** piety under Trog
  1714 | D:2      | 1714 ||| DROPPING +0 club.
  1849 | D:2      | 1849 ||| Stepping ~*~*~tactically~*~*~ (hiding).
  2017 | D:2      | Reached XP level 4. HP: 28/28 MP: 4/4
  2185 | D:2      | 2185 ||| UPGRADING to +0 pair of gloves.
  2190 | D:2      | 2190 ||| READING scroll labelled BOVOYSK YXEH TAD.
  2191 | D:2      | 2191 ||| READING scroll labelled REZXUF HYMEEJO.
  2192 | D:2      | 2192 ||| READING scroll labelled ENYBUIT GOFE.
  2196 | D:2      | 2196 ||| READING 3 scrolls of identify.
  2196 | D:2      | 2196 ||| IDENTIFYING bubbling clear potion
  2197 | D:2      | 2197 ||| READING 2 scrolls of identify.
  2197 | D:2      | 2197 ||| IDENTIFYING yellow potion
  2198 | D:2      | 2198 ||| DROPPING potion of brilliance.
  2343 | D:3      | 2343 ||| FLEEEEING.
  2344 | D:3      | 2344 ||| FLEEEEING.
  2345 | D:3      | 2345 ||| FLEEEEING.
  2346 | D:3      | 2346 ||| FLEEEEING.
  2347 | D:3      | 2347 ||| FLEEEEING.
  2348 | D:3      | 2348 ||| FLEEEEING.
  2348 | D:3      | Noticed a scorpion
  2349 | D:3      | 2349 ||| FLEEEEING.
  2350 | D:3      | 2350 ||| STAIRDANCE
  2387 | D:2      | 2387 ||| UPGRADING to +0 plate armour.
  2397 | D:2      | 2397 ||| DROPPING +0 chain mail.
  2398 | D:2      | 2398 ||| READING scroll labelled TAHOFE TUGE.
  2399 | D:2      | 2399 ||| DRINKING 2 green potions.
  2400 | D:2      | 2400 ||| READING 3 scrolls of identify.
  2400 | D:2      | 2400 ||| IDENTIFYING cyan potion
  2401 | D:2      | 2401 ||| READING 2 scrolls of identify.
  2401 | D:2      | 2401 ||| IDENTIFYING lumpy amethyst potion
  2404 | D:3      | 2404 ||| STAIRDANCE
  2414 | D:2      | 2414 ||| INVOKING Berserk.
  2415 | D:2      | Killed a scorpion
  2416 | D:2      | Reached skill level 5 in Axes
  2416 | D:2      | Reached XP level 5. HP: 21/32 MP: 5/5
  2584 | D:3      | 2584 ||| STAIRDANCE
  2652 | D:3      | 2652 ||| FLEEEEING.
  2655 | D:3      | 2655 ||| FLEEEEING.
  2656 | D:3      | 2656 ||| FLEEEEING.
  2657 | D:3      | 2657 ||| FLEEEEING.
  2658 | D:3      | 2658 ||| FLEEEEING.
  2659 | D:3      | 2659 ||| FLEEEEING.
  2660 | D:3      | 2660 ||| FLEEEEING.
  2661 | D:3      | 2661 ||| FLEEEEING.
  2662 | D:3      | 2662 ||| STAIRDANCE
  2811 | D:3      | 2811 ||| STAIRDANCE
  2880 | D:3      | 2880 ||| STAIRDANCE
  2882 | D:3      | 2882 ||| STAIRDANCE
  2884 | D:2      | 2884 ||| DRINKING potion of curing.
  2884 | D:2      | 2884 ||| (to cure confusion)
  2891 | D:2      | 2891 ||| INVOKING Berserk.
  3108 | D:2      | 3108 ||| DROPPING +0 whip.
  3113 | D:3      | 3113 ||| INVOKING Berserk.
  3134 | D:3      | Reached skill level 3 in Armour
  3354 | D:3      | 3354 ||| Stepping ~*~*~tactically~*~*~ (stealth).
  3479 | D:3      | 3479 ||| READING scroll labelled QAIGYNAPITA.
  3496 | D:4      | 3496 ||| INVOKING Berserk.
  3498 | D:4      | Reached XP level 6. HP: 38/38 MP: 6/6
  3703 | D:4      | Found a stormy altar of Qazlal.
  3704 | D:4      | Noticed a fire elemental
  3707 | D:4      | Noticed an air elemental
  3707 | D:4      | Noticed a water elemental
  3720 | D:4      | 3720 ||| Stepping ~*~*~tactically~*~*~ (hiding).
  3722 | D:4      | 3722 ||| Stepping ~*~*~tactically~*~*~ (hiding).
  3794 | D:4      | 3794 ||| Stepping ~*~*~tactically~*~*~ (stealth).
  3816 | D:4      | 3816 ||| INVOKING Berserk.
  3826 | D:4      | Reached skill level 6 in Axes
  3925 | D:4      | Reached XP level 7. HP: 42/43 MP: 7/7
  4035 | D:4      | Found an iron altar of Okawaru.
  4230 | D:4      | 4230 ||| Stepping ~*~*~tactically~*~*~ (hiding).
  4231 | D:4      | 4231 ||| Stepping ~*~*~tactically~*~*~ (hiding).
  4242 | D:4      | 4242 ||| DRINKING potion of curing.
  4242 | D:4      | 4242 ||| (to cure confusion)
  4249 | D:4      | Reached skill level 7 in Axes
  4281 | D:4      | Found a snail-covered altar of Cheibriados.
  4956 | D:4      | 4956 ||| UPGRADING to ring of see invisible.
  4957 | D:4      | 4957 ||| READING scroll labelled ROJIFE RILETRA.
  5058 | D:4      | 5058 ||| READING 2 scrolls of identify.
  5058 | D:4      | 5058 ||| IDENTIFYING fizzy purple potion
  5093 | D:5      | Entered Level 5 of the Dungeon
  5094 | D:5      | 5094 ||| PLANNING SEWER
  5123 | D:5      | Found a glowing drain.
  5140 | D:5      | 5140 ||| Stepping ~*~*~tactically~*~*~ (water).
  5144 | Sewer    | Entered a sewer
  5182 | Sewer    | Noticed Pargi
  5192 | Sewer    | Killed Pargi
  5192 | Sewer    | Reached *** piety under Trog
  5193 | Sewer    | Reached XP level 8. HP: 45/50 MP: 8/8
  5307 | D:5      | 5307 ||| PLANNING D:1-11
  5414 | D:5      | Found a staircase to the Ecumenical Temple.
  5495 | D:5      | You fall into a shaft and drop 2 floors!
  5500 | D:7      | 5500 ||| READING scroll labelled VOURUE MAHEKU.
  5501 | D:7      | 5501 ||| READING 2 scrolls of identify.
  5501 | D:7      | 5501 ||| IDENTIFYING metallic white potion
  5502 | D:7      | 5502 ||| DROPPING potion of invisibility.
  5509 | D:7      | 5509 ||| INVOKING Berserk.
  5652 | D:6      | 5652 ||| Stepping ~*~*~tactically~*~*~ (hiding).
  5662 | D:6      | 5662 ||| INVOKING Berserk.
  5665 | D:6      | Reached skill level 8 in Axes
  5826 | D:6      | 5826 ||| Stepping ~*~*~tactically~*~*~ (stealth).
  5831 | D:6      | Reached skill level 6 in Fighting
  6184 | D:5      | 6184 ||| READING scroll labelled RACHOD EFEIKH.
  6259 | D:6      | 6259 ||| Stepping ~*~*~tactically~*~*~ (stealth).
  6281 | D:6      | 6281 ||| SWAPPING to +0 war axe.
  6282 | D:6      | 6282 ||| DROPPING +1 hand axe of electrocution.
  6647 | D:6      | 6647 ||| Stepping ~*~*~tactically~*~*~ (hiding).
  6654 | D:6      | 6654 ||| INVOKING Berserk.
  6656 | D:6      | Reached skill level 9 in Axes
  6656 | D:6      | Reached XP level 9. HP: 26/55 MP: 9/9
  6987 | D:6      | 6987 ||| INVOKING Berserk.
  7173 | D:6      | 7173 ||| UPGRADING to +2 hat.
  7178 | D:6      | 7178 ||| READING scroll labelled LAK VYUSCHOEWK.
  7256 | D:7      | Identified the +9 whip of the Revolution {vorpal, Int-2
                  | Dex-5 SInv Stlth+}
  7368 | D:7      | 7368 ||| INVOKING Berserk.
  7379 | D:7      | Reached skill level 6 in Armour
  7506 | D:7      | Found a blossoming altar of Fedhas.
  7623 | D:7      | 7623 ||| SWAPPING to +1 war axe of flaming.
  7624 | D:7      | 7624 ||| DROPPING +0 morningstar.
  7625 | D:7      | 7625 ||| DROPPING +0 war axe.
  7752 | D:7      | 7752 ||| Stepping ~*~*~tactically~*~*~ (water).
  7837 | D:7      | 7837 ||| DROPPING +6 ring of intelligence.
  7894 | D:8      | Reached **** piety under Trog
  8028 | D:8      | 8028 ||| Stepping ~*~*~tactically~*~*~ (stealth).
  8031 | D:8      | 8031 ||| Stepping ~*~*~tactically~*~*~ (stealth).
  8033 | D:8      | 8033 ||| Stepping ~*~*~tactically~*~*~ (stealth).
  8036 | D:8      | 8036 ||| Stepping ~*~*~tactically~*~*~ (stealth).
  8129 | D:8      | 8129 ||| Stepping ~*~*~tactically~*~*~ (stealth).
  8130 | D:8      | 8130 ||| Stepping ~*~*~tactically~*~*~ (stealth).
  8161 | D:8      | Found a hide-covered altar of Uskayaw.
  8169 | D:8      | Reached skill level 10 in Axes
  8251 | D:8      | Found a bloodstained altar of Trog.
  8257 | D:8      | 8257 ||| Stepping ~*~*~tactically~*~*~ (hiding).
  8260 | D:8      | 8260 ||| Stepping ~*~*~tactically~*~*~ (hiding).
  8262 | D:8      | 8262 ||| INVOKING Berserk.
  8312 | D:8      | 8312 ||| Stepping ~*~*~tactically~*~*~ (stealth).
  8315 | D:8      | 8315 ||| Stepping ~*~*~tactically~*~*~ (stealth).
  8317 | D:8      | 8317 ||| Stepping ~*~*~tactically~*~*~ (stealth).
  8323 | D:8      | 8323 ||| Stepping ~*~*~tactically~*~*~ (stealth).
  8324 | D:8      | 8324 ||| Stepping ~*~*~tactically~*~*~ (stealth).
  8440 | D:8      | 8440 ||| Stepping ~*~*~tactically~*~*~ (stealth).
  8446 | D:8      | Reached XP level 10. HP: 64/64 MP: 10/10
  8547 | D:8      | 8547 ||| UPGRADING to +0 buckler.
  8552 | D:8      | 8552 ||| DRINKING 2 bubbling puce potions.
  8657 | D:8      | 8657 ||| READING 4 scrolls of identify.
  8657 | D:8      | 8657 ||| IDENTIFYING puce potion
  8658 | D:8      | 8658 ||| READING 3 scrolls of identify.
  8658 | D:8      | 8658 ||| IDENTIFYING fizzy green potion
  8659 | D:8      | 8659 ||| READING 2 scrolls of identify.
  8659 | D:8      | 8659 ||| IDENTIFYING gluggy blue potion
  8660 | D:8      | 8660 ||| DROPPING potion of flight.
  8661 | D:8      | 8661 ||| DROPPING potion of magic.
  8662 | D:8      | 8662 ||| DROPPING potion of berserk rage.
  8691 | D:7      | 8691 ||| READING 2 scrolls of teleportation.
  8767 | D:7      | Found a radiant altar of Vehumet.
  8767 | D:7      | Found a shimmering blue altar of Sif Muna.
  8776 | D:7      | 8776 ||| READING 2 scrolls of identify.
  8776 | D:7      | 8776 ||| IDENTIFYING sapphire potion
  8777 | D:7      | 8777 ||| DROPPING potion of lignification.
  8810 | D:9      | 8810 ||| STAIRDANCE
  8821 | D:9      | 8821 ||| STAIRDANCE
  8823 | D:8      | 8823 ||| INVOKING Berserk.
  8828 | D:8      | Reached skill level 3 in Shields
  9001 | D:9      | 9001 ||| Stepping ~*~*~tactically~*~*~ (stealth).
  9002 | D:9      | 9002 ||| Stepping ~*~*~tactically~*~*~ (stealth).
  9006 | D:9      | 9006 ||| Stepping ~*~*~tactically~*~*~ (stealth).
  9007 | D:9      | 9007 ||| INVOKING Berserk.
  9311 | D:9      | 9311 ||| READING 2 scrolls of teleportation.
  9335 | D:9      | 9335 ||| READING scroll of enchant armour.
  9335 | D:9      | 9335 ||| ENCHANTING +0 pair of gloves.
  9583 | D:9      | Found a broken altar of Ashenzari.
  9592 | D:9      | 9592 ||| Stepping ~*~*~tactically~*~*~ (cloud).
  9595 | D:9      | 9595 ||| FLEEEEING.
  9597 | D:9      | 9597 ||| INVOKING Berserk.
  9897 | D:9      | Found a staircase to the Orcish Mines.
  9898 | D:9      | 9898 ||| INVOKING Berserk.
  9915 | D:9      | HP: 13/64 [gnoll sergeant/+2 spear of freezing (11)]
  9915 | D:9      | Slain by an ogre

Levels and vault maps discovered:
D:1:      amcnicky_arrival_blooded_trapdoor, layout_loops_ring,
          hellmonk_ecumenical_altar_slurped_away
D:2:      layout_basic
D:3:      layout_rooms, kennysheep_generic_room_7
D:4:      layout_cave_pods, nicolae_qazlal_style_of_elements,
          mainiacjoe_overflow_cross_hatched, lemuel_doored_altar,
          lightli_minifort
D:5:      layout_basic, minmay_temple_entry_gardened_gates,
          cheibrodos_sewer_entry_bend, chequers_mini_garden
D:6:      layout_loops_cross, hangedman_decor_opposing
D:7:      layout_cave_pools, mainiacjoe_overflow_alcove_2,
          nicolae_overflow_hidden_temple, enter_bailey_4
D:8:      layout_rooms, jmf_multi_god_temple, chequers_serial_rivers_room_a
D:9:      layout_cave_pools, mainiacjoe_overflow_concentric_impassable,
          kennysheep_orc_monster_closet_entryway, serial_co_window_serial,
          co_window_corner_a, co_window_paths_b, co_window_paths_a,
          co_window_paths_b, co_window_cross_1, co_window_of_opportunity_a,
          co_window_corner_a, co_window_corner_a, co_window_paths_a,
          co_window_broadway_a, co_window_corner_b, co_window_broadway_b,
          co_window_corner_cb, glass_columns_b, glass_columns_c,
          grunt_ministairs_3

Skill      XL: |  1  2  3  4  5  6  7  8  9 10 |
---------------+-------------------------------+-----
Axes           | 3 4 5 6 7 9 10 | 10.5
Armour         | 3 4 5 6 |  6.1
Fighting       | 4 5 6 8 |  8.0
Throwing       | 2 |  2.2
Shields        | 5 |  5.1
Dodging        | |  1.5

Action                   |  1- 3 |  4- 6 |  7- 9 | 10-12 || total
-------------------------+-------+-------+-------+-------++-------
Melee: Hand axe          |   114 |   126 |   179 |       ||   419
       Punch             |     2 |     2 |     1 |       ||     5
       War axe           |       |       |   157 |    56 ||   213
Throw: Boomerang         |       |       |    11 |     4 ||    15
Invok: Berserk           |     1 |     5 |     6 |     4 ||    16
  Use: Scroll            |     2 |     9 |     6 |     7 ||    24
       Potion            |     1 |     2 |     1 |     1 ||     5
Armor: Animal skin       |    23 |       |       |       ||    23
       Chain mail        |    17 |     7 |       |       ||    24
       Plate armour      |       |    80 |   222 |    81 ||   383
Dodge: Dodged            |    60 |    46 |   106 |    32 ||   244
Block: Buckler           |       |       |       |    19 ||    19

Table legend:
 A = Non-vault XP
 B = Vault XP
 C = Vault XP percentage of total XP
 D = Non-vault monster count
 E = Vault monster count
 F = Vault count percentage of total count
                 A         B        C        D         E       F
            +---------+---------+-------+---------+---------+-------
      Total |    4810 |    1723 |  26.4 |     164 |      41 |  20.0
            +---------+---------+-------+---------+---------+-------
        D:1 |      33 |       2 |   5.7 |      19 |       1 |   5.0
        D:2 |     143 |       3 |   2.1 |      20 |       1 |   4.8
        D:3 |     100 |       2 |   2.0 |      15 |       1 |   6.2
        D:4 |     598 |     146 |  19.6 |      30 |       5 |  14.3
        D:5 |     297 |      10 |   3.3 |       6 |       2 |  25.0
        D:6 |     769 |       0 |   0.0 |      20 |       0 |   0.0
        D:7 |     912 |      11 |   1.2 |      13 |       5 |  27.8
        D:8 |    1217 |     779 |  39.0 |      32 |       7 |  17.9
        D:9 |     741 |     617 |  45.4 |       9 |      12 |  57.1
      Sewer |       0 |     153 | 100.0 |       0 |       7 | 100.0
            +---------+---------+-------+---------+---------+-------
